Map: Habitation Station LE (Void)

Players

SelendiS - Winner!

  • Race: Protoss Protoss
  • League: Diamond
  • Spawn Location: 1:00

Musumeci

  • Race: Zerg Zerg
  • League: Diamond
  • Spawn Location: 11:00

VOD

Have the link to the VOD?

Description

Time

  • Played on: Jan. 23, 2017, 3:53 p.m.
  • Length: 16:19
Show
View Real Time Build Order
Export as new Build Order

SelendiS Protoss - Winner!

Build Orders:  

Get SALT Encoding   

  12  0:02  Probe (Chrono Boost)  
  13  0:13  Probe (Chrono Boost)  
  14  0:27  Probe (Chrono Boost)  
  15  0:28  Pylon  
  15  0:47  Probe (Chrono Boost)  
  15  0:48  Gateway  
  16  0:57  Probe (Chrono Boost)  
  17  1:11  Assimilator  
  17  1:14  Probe (Chrono Boost)  
  18  1:24  Probe (Chrono Boost)  
  19  1:47  Nexus  
  19  1:51  Cybernetics Core, Zealot  
  21  1:54  Pylon  
  21  1:56  Probe (Chrono Boost)  
  22  2:01  Assimilator  
  22  2:07  Probe (Chrono Boost)  
  23  2:17  Probe (Chrono Boost)  
  23  2:18  Zealot  
  26  2:27  Warp Gate  
  26  2:28  Probe (Chrono Boost)  
  27  2:39  Probe (Chrono Boost)  
  28  2:49  Pylon, Probe (Chrono Boost)  
  29  2:51  Stalker  
  31  3:00  Probe x2 (Chrono Boost)  
  33  3:09  Assimilator  
  33  3:10  Probe (Chrono Boost)  
  33  3:11  Probe (Chrono Boost)  
  35  3:17  Stalker  
  35  3:21  Probe (Chrono Boost)  
  35  3:23  Probe (Chrono Boost)  
  38  3:32  Probe (Chrono Boost)  
  40  3:35  Probe (Chrono Boost)  
  36  3:46  Probe (Chrono Boost)  
  36  3:48  Probe (Chrono Boost)  
  38  3:54  Adept  
  38  3:55  Pylon  
  38  3:57  Probe (Chrono Boost)  
  38  4:00  Probe (Chrono Boost)  
  42  4:11  Gateway  
  42  4:12  Gateway  
  42  4:13  Mothership Core (Chrono Boost)  
  42  4:14  Gateway  
  42  4:15  Stargate  
  44  4:25  Stargate  
  44  4:29  Probe (Chrono Boost)  
  45  4:38  Assimilator, Probe (Chrono Boost)  
  46  4:40  Probe (Chrono Boost)  
  47  4:54  Probe x2 (Chrono Boost)  
  47  4:57  Oracle  
  49  5:03  Pylon  
  49  5:05  Oracle  
  55  5:27  Probe x2 (Chrono Boost)  
  55  5:28  Oracle  
  60  5:36  Oracle  
  60  5:39  Probe x2 (Chrono Boost)  
  60  5:41  Pylon  
  65  5:43  Pylon  
  65  5:57  Robotics Facility  
  65  6:04  Oracle  
  65  6:07  Oracle  
  65  6:10  Forge  
  68  6:14  Pylon  
  71  6:22  Gateway  
  71  6:23  Gateway  
  71  6:29  Probe x2 (Chrono Boost)  
  73  6:51  Adept x2  
  73  6:52  Adept  
  66  7:08  Phoenix x2  
  66  7:14  Observer  
  71  7:21  Stalker x4  
  74  7:22  Protoss Ground Weapons Level 1  
  76  7:31  Probe x2 (Chrono Boost)  
  76  7:35  Observer  
  77  7:43  Probe (Chrono Boost)  
  78  7:56  Nexus  
  78  8:00  Probe x2 (Chrono Boost)  
  78  8:03  Phoenix x2  
  80  8:12  Zealot x2, Probe (Chrono Boost)  
  90  8:13  Probe (Chrono Boost)  
  90  8:24  Phoenix  
  92  8:28  Probe x2 (Chrono Boost)  
  94  8:41  Pylon  
  94  8:51  Pylon  
  94  8:59  Immortal  
  94  9:01  Probe x2 (Chrono Boost)  
  94  9:02  Void Ray x2  
  108  9:13  Pylon  
  108  9:14  Pylon  
  110  9:17  Probe x2 (Chrono Boost)  
  110  9:38  Stalker x5  
  112  9:39  Immortal  
  120  9:49  Void Ray x2  
  128  10:00  Photon Cannon  
  128  10:04  Probe (Chrono Boost)  
  128  10:05  Probe (Chrono Boost)  
  130  10:12  Photon Cannon  
  130  10:16  Probe (Chrono Boost)  
  130  10:17  Probe x2 (Chrono Boost)  
  133  10:29  Immortal  
  133  10:30  Stalker x2  
  141  10:37  Assimilator  
  141  10:40  Pylon  
  141  10:41  Assimilator  
  141  10:43  Pylon  
  141  10:59  Twilight Council  
  141  11:01  Zealot x3  
  141  11:02  Zealot x3, Void Ray  
  157  11:12  Protoss Air Weapons Level 1  
  157  11:16  Protoss Ground Armor Level 1  
  157  11:21  Pylon  
  157  11:23  Charge  
  157  11:24  Pylon  
  157  11:33  Void Ray  
  161  11:47  Zealot x2  
  161  11:48  Zealot x4  
  161  11:52  Immortal  
  173  12:06  Pylon  
  173  12:07  Pylon  
  158  12:45  Immortal  
  162  12:55  Void Ray  
  162  12:58  Void Ray  
  162  13:03  Protoss Ground Weapons Level 2  
  162  13:04  Zealot x5, Nexus  
  162  13:05  Zealot  
  182  13:07  Pylon  
  182  13:09  Pylon  
  182  13:11  Pylon  
  182  13:19  Protoss Air Armor Level 1  
  182  13:21  Observer  
  182  13:26  Forge  
  183  13:30  Templar Archives  
  183  13:34  Gateway  
  183  13:36  Gateway  
  183  13:39  Photon Cannon  
  182  13:58  Photon Cannon, Protoss Ground Armor Level 2  
  182  14:00  Photon Cannon  
  182  14:02  Photon Cannon  
  182  14:10  High Templar x6, Immortal  
  198  14:17  Archon x3  
  198  14:33  Probe (Chrono Boost)  
  198  14:35  Photon Cannon, Probe (Chrono Boost)  
  198  14:36  Assimilator  
  200  14:40  Assimilator  
  200  14:51  Gateway  
  200  14:53  Gateway  
  200  14:55  Gateway  
  200  14:58  Gateway  
  200  15:02  Gateway  
  167  15:36  Zealot x3  
  167  15:37  Zealot x5  
Show
View Real Time Build Order
Export as new Build Order

Musumeci Zerg 

Build Orders: Hatch First 

Get SALT Encoding   

  12  0:01  Drone  
  13  0:08  Drone  
  13  0:12  Extractor  
  13  0:16  Drone  
  15  0:40  Hatchery  
  14  0:48  Drone, Extractor  
  15  1:04  Spawning Pool  
  15  1:06  Drone, Extractor  
  14  1:12  Drone, Extractor  
  15  1:20  Overlord  
  15  1:40  Drone x2  
  15  1:41  Drone  
  15  1:44  Extractor  
  18  1:51  Queen  
  20  1:59  Queen  
  22  2:15  Zergling x2  
  23  2:20  Metabolic Boost  
  23  2:22  Zergling x4  
  25  2:41  Overlord  
  25  2:44  Overlord  
  25  2:46  Burrow  
  24  2:59  Zergling x8  
  28  3:21  Evolution Chamber  
  28  3:23  Evolution Chamber  
  26  3:41  Drone x8  
  33  3:50  Drone x3  
  35  4:07  Hatchery  
  35  4:09  Drone x3  
  37  4:15  Spore Crawler  
  37  4:16  Spore Crawler  
  35  4:28  Roach Warren  
  35  4:33  Extractor  
  35  4:37  Zergling x2  
  35  4:38  Zergling x14  
  43  4:51  Overlord  
  43  4:52  Overlord x2  
  43  4:55  Overlord  
  43  5:10  Roach x4  
  51  5:26  Queen  
  51  5:28  Roach x4  
  61  5:45  Drone  
  61  5:46  Drone x6  
  68  6:02  Drone  
  68  6:03  Drone x5  
  74  6:10  Lair  
  74  6:12  Drone, Extractor  
  74  6:14  Extractor  
  73  6:20  Spore Crawler  
  73  6:21  Spore Crawler  
  71  6:33  Roach  
  71  6:36  Spore Crawler  
  71  6:37  Spore Crawler  
  71  6:42  Spore Crawler x3  
  71  6:43  Spore Crawler  
  71  6:45  Spore Crawler  
  71  6:46  Spore Crawler x2  
  52  7:10  Drone  
  52  7:11  Drone x12  
  64  7:31  Drone  
  64  7:36  Hydralisk Den  
  63  7:53  Queen  
  63  7:55  Drone  
  63  7:56  Overlord x3  
  63  7:57  Overlord  
  65  8:14  Queen x2  
  66  8:35  Drone x3  
  66  8:36  Drone x3  
  72  8:42  Drone x3, Spore Crawler  
  72  8:46  Muscular Augments  
  74  8:59  Drone x10  
  84  9:14  Extractor  
  83  9:17  Queen x3, Extractor  
  69  10:12  Hydralisk x10  
  89  10:14  Overlord x3  
  89  10:15  Overlord x2  
  89  10:32  Queen x3  
  95  10:56  Hydralisk x16  
  95  10:57  Hydralisk  
  111  11:03  Overlord x5  
  129  11:21  Queen x3  
  135  11:41  Hatchery  
  134  11:49  Glial Reconstitution  
  134  11:50  Hatchery  
  133  11:56  Hydralisk x15  
  133  11:57  Queen  
  135  12:38  Hydralisk x14  
  135  12:39  Hydralisk  
  156  13:01  Infestation Pit  
  156  13:02  Zergling x10  
  148  13:14  Drone x10  
  158  13:48  Overlord x4  
  153  13:49  Overlord  
  153  13:52  Pathogen Glands  
  153  13:55  Zergling x12  
  159  14:00  Overlord x3  
  159  14:12  Overseer x2  
  159  14:26  Extractor  
  159  14:27  Extractor  
  156  14:49  Infestor x5  
  166  14:58  Infestor x5  
  176  15:02  Roach x9  
  176  15:05  Drone x2  
  176  15:06  Drone  
  197  15:10  Extractor x2  
  184  15:31  Infestor x3  
Tags
 
Add a new tag
Caveats
  • Supply blocks, unpowered buildings, or Contaminate may cause inaccurate times.
  • Supply counts are checked every 10 seconds.